 Dungeon Crawl Stone Soup version 0.28.0-43-g3370ac3207 (webtiles) character file.

Game seed: 12250592861364709653

206 KamiKatze the Magician (level 6, -3/45 HPs)
             Began as a Djinni Fire Elementalist on Mar 8, 2022.
             Slain by a black bear (5 damage)
             ... on level 3 of the Dungeon.
             The game lasted 00:14:41 (2745 turns).

KamiKatze the Magician (Djinni Fire Elementalist)   Turns: 2745, Time: 00:14:42

Health: -3/45      AC:  5    Str:  7    XL:     6   Next: 10%
Gold:   146        EV: 12    Int: 19    God:
                   SH:  0    Dex: 13

rFire   + + .      SeeInvis .   i - +2 spear (freeze)
rCold   . . .      Faith    .   (no shield)
rNeg    . . .      Spirit   .   a - +0 robe
rPois   ∞          Reflect  .   s - +1 helmet
rElec   .          Harm     .   q - +0 cloak
rCorr   .          Rampage  .   (no gloves)
Will    .....                   (boots unavailable)
Stlth   ++........              (no amulet)
HPRegen 0.15/turn               j - ring of protection from cold
MPRegen 0.00/turn               (no ring)

@: attractive, flying
A: sickness immunity, fire resistance 2, cold vulnerability 1, float, innate
caster, HP casting, extra vitality 1
a: no special abilities


You were on level 3 of the Dungeon.
You visited 1 branch of the dungeon, and saw 4 of its levels.

You collected 146 gold pieces.

Inventory:

Hand Weapons
 g - a +0 short sword
 i - a +2 spear of freezing (weapon)
 k - a +3 dagger of venom
Missiles
 b - a throwing net
 c - 132 stones
 t - 5 poisoned darts
Armour
 a - a +0 robe (worn)
 m - a +0 leather armour
 q - a +0 cloak (worn)
 s - a +1 helmet (worn)
Jewellery
 j - a ring of protection from cold (left hand)
Wands
 u - a wand of paralysis (3)
Scrolls
 d - 2 scrolls of identify {unknown}
 e - a scroll of magic mapping {unknown}
 f - 2 scrolls of teleportation {unknown}
 r - a scroll of noise {unknown}
 v - a scroll of blinking {unknown}
Potions
 h - a potion of ambrosia {unknown}
 l - a potion of attraction
 n - a potion of heal wounds {unknown}
 o - a potion of might {unknown}
 p - a potion of curing {unknown}
 w - 2 potions of magic {unknown}


   Skills:
 + Level 2.5 Fighting
 - Level 3.0 Dodging
 - Level 2.0 Stealth
 * Level 4.0 Spellcasting


You couldn't memorise any spells.
You knew the following spells:

 Your Spells              Type           Power      Damage    Failure   Level
a - Foxfire               Conj/Fire      76%        2x1d7     2%          1
b - Scorch                Fire           38%        2d7       4%          2
c - Conjure Flame         Conj/Fire      19%        6-21      8%          3
d - Inner Flame           Hex/Fire       19%        N/A       8%          3
e - Flame Wave            Conj/Fire      19%        2d6       26%         4
f - Sting                 Tmut/Pois      76%        1d6       2%          1
g - Corpse Rot            Necr/Air       38%        N/A       4%          2
Your spell library was empty.

Dungeon Overview and Level Annotations

Branches:
Dungeon (4/15)
 Temple: D:4-7

Altars:
Uskayaw

Annotations:
D:3 3 runed translucent doors, exclusion: 3 doors, MixedWithMadness's ghost, amateur HuFi; P0WERM0DE's ghost, amateur DsAK; fly's ghost, amateur FoDe


Innate Abilities, Weirdness & Mutations

You are immune to sickness and miasma.
You are immune to poison.
Your flesh is very heat resistant. (rF++)
You are vulnerable to cold. (rC-)
You float through the air rather than walking.
You learn spells naturally, not from books.
Your magical power is your life essence.
You have superior vitality. (+4 MHP)


Message History

Level annotation: 3 runed translucent doors, exclusion: 3 doors, MixedWithMadness's ghost, amateur HuFi; P0WERM0DE's ghost, amateur DsAK; fly's ghost, amateur FoDe
There is a stone staircase leading down here.
There is a stone staircase leading down here.
You fly downwards.
The black bear growls angrily.
The black bear closely misses you. x3
Found a stone staircase leading down.
There is a stone staircase leading up here.
The black bear bites you.
* * * LOW HITPOINT WARNING * * *
The black bear misses you. The black bear claws you.
* * * LOW HITPOINT WARNING * * *
You fly upwards.
Level annotation: 3 runed translucent doors, exclusion: 3 doors, MixedWithMadness's ghost, amateur HuFi; P0WERM0DE's ghost, amateur DsAK; fly's ghost, amateur FoDe
There is a stone staircase leading down here.
Casting: Foxfire (safe; 2% risk of failure)
Confirm with . or Enter, or press ? or * to list all spells.
Flames lash the black bear.
The black bear is moderately wounded.
The black bear's fire resistance burns away.
* * * LOW HITPOINT WARNING * * *
The black bear bites you but does no damage.
The black bear claws you but does no damage. x2
Casting: Scorch (safe; 4% risk of failure)
Confirm with . or Enter, or press ? or * to list all spells.
Flames lash the black bear.
The black bear is burned terribly!
The black bear is heavily wounded.
* * * LOW HITPOINT WARNING * * *
The black bear bites you.
* * * LOW HITPOINT WARNING * * *
The black bear barely misses you.
The black bear claws you but does no damage.
Casting: Scorch (safe; 4% risk of failure)
Confirm with . or Enter, or press ? or * to list all spells.
You don't have enough health to cast this spell.
Unknown command.
It was a potion of attraction.
You feel attractive to monsters. The black bear bites you.
You die...

######### ###
#.......########.##
#...........@h.>..#
#.##.##.##.#####.#######
#.#.....##.# #.#.....#
#.#....)##.# #.#.###.##
#.......##.# #...# #..#
#..........# ###.###.÷#
###.....########
#......# ###.##.......#
#.#....# #.##.......#
#.###..#


You could see a black bear (combustible).

Vanquished Creatures
  An orc priest (D:3)
  Jessica (D:2)
  2 orc wizards
  An adder (D:3)
  An ufetubus (D:2)
  A worm (D:2)
  3 dart slugs
  9 orcs
  4 ball pythons
  6 endoplasms
  4 giant cockroaches
  6 hobgoblins
  5 kobolds
  5 quokkas
  5 bats
  4 frilled lizards
  5 goblins
  4 rats
67 creatures vanquished.

Vanquished Creatures (others)
  179 foxfires
  4 withered plants (D:3)
183 creatures vanquished.

Grand Total: 250 creatures vanquished

Notes
Turn   | Place    | Note
-------+----------+-------------------------------------------
     0 | D:1      | KamiKatze the Djinni Fire Elementalist began the quest for
                  | the Orb.
     0 | D:1      | Reached XP level 1. HP: 15/15 MP: 0/0
   163 | D:1      | Reached XP level 2. HP: 17/22 MP: 0/0
   636 | D:2      | Reached XP level 3. HP: 24/26 MP: 0/0
   636 | D:2      | Learned a level 1 spell: Sting
   696 | D:2      | Noticed Jessica
   699 | D:2      | Killed Jessica
   700 | D:2      | Reached skill level 1 in Fighting
   700 | D:2      | Reached skill level 3 in Spellcasting
   700 | D:2      | Reached XP level 4. HP: 24/32 MP: 0/0
   996 | D:2      | Found a faded altar of an unknown god.
  1594 | D:3      | Found a hide-covered altar of Uskayaw.
  1794 | D:3      | Reached XP level 5. HP: 30/38 MP: 0/0
  1794 | D:3      | Learned a level 2 spell: Corpse Rot
  2020 | D:3      | Found a runed translucent gate.
  2020 | D:3      | Found a runed translucent gate.
  2021 | D:3      | Found a runed translucent gate.
  2023 | D:3      | Noticed P0WERM0DE's ghost (amateur DsAK)
  2023 | D:3      | Noticed MixedWithMadness's ghost (amateur HuFi)
  2023 | D:3      | Noticed fly's ghost (amateur FoDe)
  2679 | D:4      | Reached skill level 4 in Spellcasting
  2679 | D:4      | Reached XP level 6. HP: 7/45 MP: 0/0
  2737 | D:4      | Noticed a black bear
  2744 | D:3      | HP: 2/45 [black bear (2)]
  2745 | D:3      | Slain by a black bear

Illustrated notes

Levels and vault maps discovered:
D:1:      dpeg_arrival_simpleton_b, layout_loops_ring
D:2:      layout_basic, chequers_ecumenical_altar_island, uniq_jessica
D:3:      layout_loops_cross, mainiacjoe_overflow_concentric_impassable,
          gammafunk_ghost_cemetery, minmay_misc_feat_enclosed
D:4:      layout_basic, minmay_temple_entry_nine_rooms

Skill      XL: |  1  2  3  4  5 |
---------------+----------------+-----
Fighting       | 1 2 |  2.5
Stealth        | 2 |  2.0
Spellcasting   | 3 4 |  4.0
Dodging        | 3 |  3.0

Action                   |  1- 3 |  4- 6 || total
-------------------------+-------+-------++-------
Melee: Short sword       |     8 |       ||     8
       Spear             |       |    10 ||    10
 Cast: Foxfire           |    31 |    75 ||   106
       Scorch            |     3 |    16 ||    19
  Use: Potion            |       |     1 ||     1
 Stab: Sleeping          |     1 |       ||     1
Armor: Robe              |     5 |     8 ||    13
Dodge: Dodged            |    11 |    11 ||    22
